 Dungeon Crawl Stone Soup version 0.30-a0-39-g42789b21ef (webtiles) character file.

Game seed: 5517890642496134093

481 ytrimaz the Changer (level 7, -1/43 HPs)
             Began as an Octopode Transmuter on Aug 28, 2022.
             Slain by Pikel
             ... wielding a +1 whip of freezing
              (5 damage)
             ... on level 5 of the Dungeon.
             The game lasted 00:06:20 (5386 turns).

ytrimaz the Changer (Octopode Transmuter)           Turns: 5386, Time: 00:06:21

Health: -1/43      AC:  2    Str:  9      XL:     7   Next: 12%
Magic:  4/12       EV: 19    Int: 18      God:
Gold:   1413       SH:  0    Dex: 15 (17) Spells: 3/13 levels left

rFire   . . .      SeeInvis .      - Unarmed
rCold   . . .      Faith    .    (shield currently unavailable)
rNeg    . . .      Spirit   .    (helmet currently unavailable)
rPois   x          Reflect  .    (no amulet)
rElec   .          Harm     .    m - ring of resist corrosion
rCorr   +          Rampage  .    (no ring)
Will    .....                    (no ring)
Stlth   +.........               (no ring)
HPRegen 0.14/turn                (no ring)
MPRegen 0.13/turn                (no ring)
                                 (no ring)
                                 (no ring)

@: spider-form, wereblooded (expiring)
A: venomous fangs, almost no armour, (amphibious), 8 rings, tiny, (camouflage
1), (gelatinous body 1), (nimble swimmer 1), (tentacles)
a: End Transformation


You were on level 5 of the Dungeon.
You were a venomous arachnid creature.
You visited 1 branch of the dungeon, and saw 5 of its levels.

You collected 1413 gold pieces.

Inventory:

Jewellery
 m - a ring of resist corrosion (left front leg)
Scrolls
 d - 5 scrolls of enchant armour
 g - a scroll of blinking
 k - 4 scrolls of teleportation
 l - a scroll of summoning {unknown}
Potions
 a - a potion of cancellation {unknown}
 b - a potion of attraction
 c - a potion of flight {unknown}
 e - a potion of brilliance {unknown}
 f - 2 potions of curing
 j - a potion of resistance {unknown}
 n - 2 potions of ambrosia {unknown}
 o - 3 potions of heal wounds {unknown}


   Skills:
 - Level 1.3 Fighting
 - Level 2.2 Dodging
 - Level 4.0 Unarmed Combat
 + Level 3.9 Spellcasting
 + Level 4.3 Transmutations
 - Level 4.0 Poison Magic


You had 3 spell levels left.
You knew the following spells:

 Your Spells              Type           Power      Damage    Failure   Level
a - Beastly Appendage     Tmut           38%        N/A       10%         1
b - Wereblood             Tmut           19%        N/A       12%         2
c - Spider Form           Tmut/Pois      18%        N/A       21%         3
d - Ice Form              Ice/Tmut       11%        N/A       73%         4

Your spell library contained the following spells:

 Spells                   Type           Power      Damage    Failure   Level
 Freeze                   Ice            12%        1d4       34%         1
 Frozen Ramparts          Ice            6%         1d1       63%         3
 Gell's Gravitas          Tloc           3%         N/A       63%         3
 Lesser Beckoning         Tloc           3%         N/A       63%         3
 Teleport Other           Tloc           3%         N/A       63%         3
 Hailstorm                Conj/Ice       3%         3d3       94%         4


Dungeon Overview and Level Annotations

Branches:
Dungeon (5/15)
 Temple: D:4-7

Altars:
Nemelex Xobeh
Ru
Zin

Shops:
D:1 ?   D:3 [   D:5 (

Annotations:
D:5 Pikel


Innate Abilities, Weirdness & Mutations

You are a venomous arachnid creature.
You have poisonous fangs.
You are tiny and dextrous.
Your spellcasting is less reliable in this form.
Your armour is entirely melded.
You are incapable of wielding weapons or throwing items.
You cannot wear most types of armour.
((You are amphibious.))
You can wear up to eight rings at the same time.
((Your skin changes colour to match your surroundings (Stealth+).))
((Your rubbery body absorbs attacks. (AC +1, EV +1)))
((You are camouflaged when in or above water. (Stealth+)))
((You have tentacles for arms and can constrict up to eight enemies at once.))


Message History

Pikel is lightly wounded.
Pikel misses you.
You hit Pikel.
Pikel looks as sick as possible!
Pikel is lightly wounded.
Pikel hits you with a +1 whip of freezing!
Pikel freezes you.
You hit Pikel.
Pikel is moderately wounded.
Your transformation has ended.
Your primal bloodlust is almost over.
Pikel hits you with a +1 whip of freezing.
Pikel freezes you.
Press: ? - help, v - describe, . - travel
Here: Pikel, wielding a +1 whip of freezing and wearing a +0 robe (moderately wounded, extremely poisoned)
The floor, spattered with blood.
Casting: Wereblood (safe; 3% risk of failure)
Confirm with . or Enter, or press ? or * to list all spells.
You turn into a venomous arachnid creature.
Pikel misses you.
Unknown command.
You hit Pikel but do no damage.
Pikel looks as sick as possible!
Pikel is moderately wounded.
You hit Pikel.
Pikel is moderately wounded.
Pikel completely misses you.
You hit Pikel.
Pikel looks as sick as possible!
Pikel is heavily wounded.
Pikel closely misses you.
You barely miss Pikel.
Pikel is heavily wounded.
Pikel completely misses you.
Press: ? - help, v - describe, . - travel
Here: Pikel, wielding a +1 whip of freezing and wearing a +0 robe (severely wounded, extremely poisoned)
The floor, spattered with blood.
You hit Pikel.
Pikel looks as sick as possible!
Pikel is severely wounded.
Pikel says, "You'll feel the lick of my whip!"
Pikel hits you with a +1 whip of freezing!
* * * LOW HITPOINT WARNING * * *
Pikel freezes you.
You die...

#### #.###
.........# #.#
. ...#.#.# #.#
.. . ..#.# #.#
..##.#.#.# #5#
.....#.#.###
#5#
......<....#
#5#
....##.#.#.##
#K# .#
#<#.#.#..####s#
#...#.#.∩.....#
#####.#########
..# ###


You could see Pikel (extremely poisoned) and 3 lemures.

Vanquished Creatures
  A black bear (D:4)
  A lemure (D:5)
  A jelly (D:4)
  A hound (D:4)
  Jessica (D:3)
  Natasha (thrice) (D:3)
  2 orc wizards (D:3)
  Robin (D:3)
  A gnoll (D:1)
  6 adders
  4 dart slugs
  4 orcs
  5 endoplasms (D:2)
  4 giant cockroaches
  16 goblins
  12 hobgoblins
  2 quokkas
  4 ball pythons
  13 bats
  A frilled lizard (D:1)
  7 kobolds
  5 rats
95 creatures vanquished.

Notes
Turn   | Place    | Note
-------+----------+-------------------------------------------
     0 | D:1      | ytrimaz the Octopode Transmuter began the quest for the
                  | Orb.
     0 | D:1      | Reached XP level 1. HP: 13/13 MP: 3/3
     0 | D:1      | Upgraded the game from 0.30-a0-34-gbe8da3892a to
                  | 0.30-a0-39-g42789b21ef
     8 | D:1      | Found Rirahegac's Magic Scroll Shop.
    29 | D:1      | Reached XP level 2. HP: 10/18 MP: 5/5
   396 | D:1      | Reached XP level 3. HP: 17/23 MP: 6/6
   401 | D:1      | Learned a level 2 spell: Wereblood
   405 | D:1      | Learned a level 3 spell: Spider Form
   908 | D:2      | Found a glowing silver altar of Zin.
   919 | D:2      | Identified a scroll of acquirement
   919 | D:2      | Acquired 1151 gold pieces
  1505 | D:2      | Reached skill level 1 in Poison Magic
  1510 | D:2      | Reached XP level 4. HP: 28/28 MP: 4/7
  2731 | D:3      | Noticed Natasha
  2737 | D:3      | Killed Natasha
  2738 | D:3      | Reached XP level 5. HP: 23/33 MP: 4/8
  3047 | D:3      | Noticed Robin
  3057 | D:3      | Killed Robin
  3092 | D:3      | Noticed Natasha
  3100 | D:3      | Reached XP level 6. HP: 38/38 MP: 2/10
  3104 | D:3      | Killed Natasha
  3230 | D:3      | Found Cuechat's Armour Boutique.
  3307 | D:3      | Noticed Natasha
  3324 | D:3      | Killed Natasha
  3723 | D:3      | Found a sacrificial altar of Ru.
  3780 | D:3      | Noticed Jessica
  3789 | D:3      | Killed Jessica
  3885 | D:3      | Learned a level 4 spell: Ice Form
  4322 | D:4      | Noticed a black bear
  4334 | D:4      | Killed a black bear
  4335 | D:4      | Reached XP level 7. HP: 18/43 MP: 9/12
  4527 | D:4      | Found a sparkling altar of Nemelex Xobeh.
  4789 | D:4      | Found a glowing silver altar of Zin.
  5211 | D:5      | Entered Level 5 of the Dungeon
  5355 | D:5      | Found Bunin's Weapon Boutique.
  5375 | D:5      | Noticed Pikel
  5386 | D:5      | Slain by Pikel

Illustrated notes

Levels and vault maps discovered:
D:1:      doesnt_arrival_eight_statues, layout_rooms, serial_shops, shop
D:2:      minmay_general_purpose_star, layout_basic, basic_altar
D:3:      layout_loops_ring, mainiacjoe_overflow_brackets, serial_shops,
          shop_statue, uniq_jessica, uniq_robin, uniq_natasha
D:4:      layout_basic, nicolae_overflow_crystal_walls,
          nicolae_overflow_hidden_temple
D:5:      layout_basic, serial_shops, shop, portal_sewer_entry_a, uniq_pikel

Skill      XL: |  1  2  3  4  5  6 |
---------------+-------------------+-----
Poison Magic   | 1 2 3 4 |  4.0
Unarmed Combat | 4 |  4.0
Transmutations | 3 4 |  4.3
Spellcasting   | 3 |  3.9
Fighting       | |  1.3
Dodging        | |  2.2

Action                   |  1- 3 |  4- 6 |  7- 9 || total
-------------------------+-------+-------+-------++-------
Melee: Unarmed           |    78 |   147 |    39 ||   264
       Constrict         |    17 |    20 |     2 ||    39
       Kick              |     9 |    17 |       ||    26
       Tentacles         |     6 |    12 |     2 ||    20
       Punch             |     1 |     2 |       ||     3
 Cast: Beastly Appendage |     8 |    15 |     4 ||    27
       Spider Form       |     2 |     9 |     8 ||    19
       Wereblood         |       |     2 |     1 ||     3
  Use: Potion            |     1 |     8 |       ||     9
       Scroll            |     5 |     3 |     1 ||     9
 Stab: Sleeping          |       |     6 |       ||     6
Armor: Skin              |    31 |    10 |     2 ||    43
Dodge: Dodged            |    78 |   108 |    26 ||   212

Table legend: (Time is in decaauts)
 A = Elapsed time spent in this place.
 B = Non-inter-level travel time spent in this place.
 C = Inter-level travel time spent in this place.
 D = Time resting spent in this place.
 E = Time spent auto-exploring this place.
 F = Levels seen in this place.
 G = Mean time per level.
                   A        B        C        D        E       F      G
               +--------+--------+--------+--------+--------+-----+--------+
         Total |   5388 |   5317 |     71 |    585 |   3936 |   5 | 1077.6 |
       Dungeon |   5388 |   5317 |     71 |    585 |   3936 |   5 | 1077.6 |
               +--------+--------+--------+--------+--------+-----+--------+

Top non-repeatable levels by time:
     D:2: 1602 daAuts
     D:3: 1500 daAuts
     D:4: 1210 daAuts
     D:1: 902 daAuts
     D:5: 173 daAuts
